 Dungeon Crawl Stone Soup version 0.20-a0-187-ge5586d949a (webtiles) character file.

26824 patrickswayze the Bewitcher (level 13, -6/61 HPs)
             Began as a Deep Elf Chaos Knight on Nov 24, 2016.
             Killed from afar by an electric eel (11 damage)
             ... with a bolt of electricity
             ... on level 6 of the Lair of Beasts.
             The game lasted 00:47:18 (19689 turns).

patrickswayze the Bewitcher (DECK)                 Turns: 19689, Time: 00:47:19

Health: -6/61      AC: 10    Str:  7    XL:     13   Next: 1%
Magic:  24/24      EV: 19    Int: 19    God:    Xom [*.....]
Gold:   730        SH:  7    Dex: 18    Spells: 15/24 levels left

rFire  . . .     SeeInvis .     a - +5 short sword (elec)
rCold  . . .     Gourm    .     B - +2 leather armour {rPois}
rNeg   . . .     Faith    +     p - +1 buckler "Daummeir" {+Blink rPois}
rPois  +         Spirit   .     (helmet restricted)
rElec  .         Reflect  .     y - +2 cloak {MR+}
rCorr  .         Harm     .     r - +2 pair of gloves
MR     ++...     Clarity  +     E - +0 pair of boots
Stlth  +++++.....               P - amulet of faith {!P}
                                j - ring of wizardry
                                w - +2 ring of slaying {mikee}

@: no status effects
A: horns 1, clarity, deformed body, frail 1, weak 1, wild magic 1
a: Renounce Religion, Evoke Blink


You were on level 6 of the Lair of Beasts.
You worshipped Xom.
You were a special plaything of Xom.
You were not hungry.

You visited 2 branches of the dungeon, and saw 15 of its levels.

You collected 977 gold pieces.
You spent 247 gold pieces at shops.


Innate Abilities, Weirdness & Mutations

You have a pair of small horns on your head.
You possess an exceptional clarity of mind.
Armour fits poorly on your strangely shaped body.
You are frail. (-10% HP)
You are weak. (Str -2)
Your spells are a little harder to cast, but a little more powerful.


   Skills:
 - Level 2.4 Fighting
 - Level 11.0 Short Blades
 - Level 0.7 Armour
 - Level 10.1 Dodging
 + Level 12.3 Stealth
 - Level 5.8 Shields
 - Level 6.1 Spellcasting
 - Level 15.0 Hexes


You had 15 spell levels left.
You knew the following spells:

 Your Spells              Type           Power        Failure   Level  Hunger
I - Invisibility          Hex            ######..     4%          6    #######
Z - Tukima's Dance        Hex            ######..     1%          3    ##.....

Inventory:

Hand Weapons
 a - a +5 short sword of electrocution (weapon)
 G - a +0 blowgun
Missiles
 n - 268 stones (quivered)
 z - 51 poisoned needles
Armour
 p - the +1 buckler "Daummeir" (worn) {+Blink rPois}
   (Xom gifted it to you on level 7 of the Dungeon)

   It protects you from poison.
   It lets you blink.
 r - a +2 pair of gloves (worn)
 u - a +0 helmet
 y - a +2 cloak of magic resistance (worn)
 B - a +2 leather armour of poison resistance (worn)
 E - a +0 pair of boots (worn)
Rods
 b - a +6 lightning rod (13/13)
   (Xom gifted it to you on level 2 of the Dungeon)
 e - a +1 rod of shadows (10/10)
   (You found it on level 5 of the Lair of Beasts)
Jewellery
 j - a ring of wizardry (right hand)
 o - a cursed ring of positive energy
 w - a +2 ring of slaying (left hand) {mikee}
 P - an amulet of faith (around neck) {!P}
Wands
 v - a wand of flame (17/48)
 T - a wand of polymorph (13/24)
 W - a wand of iceblast (6/15)
Scrolls
 g - 3 scrolls of remove curse
 i - 2 scrolls of amnesia
 k - a scroll of magic mapping
 q - 2 scrolls of identify
 t - 2 scrolls of immolation
 x - 2 scrolls of enchant armour
 N - a scroll of holy word
Potions
 d - a potion of cancellation
 l - a potion of might
 m - a potion of magic
 D - a potion of brilliance {unknown}
 F - 5 potions of resistance {unknown}
 I - 6 potions of flight
 L - a potion of haste
 O - a potion of mutation {unknown}
Books
 h - a book of Party Tricks

   Spells                             Type                      Level
   a - Summon Butterflies             Summoning                    1
   b - Apportation                    Translocation                1
   c - Lesser Beckoning               Translocation                3
   d - Tukima's Dance                 Hexes                        3
   e - Alistair's Intoxication        Transmutation/Poison         5
   f - Invisibility                   Hexes                        6
 s - a book of Changes

   Spells                             Type                      Level
   a - Beastly Appendage              Transmutation                1
   b - Sticks to Snakes               Transmutation                2
   c - Spider Form                    Transmutation/Poison         3
   d - Ice Form                       Ice/Transmutation            4
   e - Blade Hands                    Transmutation                5
 Q - a Young Poisoner's Handbook

   Spells                             Type                      Level
   a - Sting                          Conjuration/Poison           1
   b - Mephitic Cloud                 Conjuration/Poison/Air       3
   c - Olgreb's Toxic Radiance        Poison                       4
   d - Alistair's Intoxication        Transmutation/Poison         5
   e - Venom Bolt                     Conjuration/Poison           5
Miscellaneous
 S - a phial of floods (inert)
 V - a disc of storms
Comestibles
 c - 7 bread rations
 f - 5 meat rations
 H - 17 fruits


Message History

The bolt of electricity hits the electric eel.
The electric eel completely resists.
Okay, then.
Okay, then.
The electric eel shoots out a bolt of lightning at you!
The bolt of electricity hits the electric eel.
The electric eel completely resists.
The bolt of electricity hits you!
* * * LOW HITPOINT WARNING * * *
The electric eel shoots out a bolt of lightning at you!
The bolt of electricity hits you!
* * * LOW HITPOINT WARNING * * *
Xom roars with laughter!
The bolt of electricity misses you.
The bolt of electricity hits the electric eel.
The electric eel completely resists.
The electric eel shoots out a bolt of lightning at you!
The bolt of electricity misses you.
The electric eel shoots out a bolt of lightning at you!
The bolt of electricity hits you!
You die...

_...##...............##
....##...P.......P...#
....##P.P...#........#
.....##P.P.#~#.....#.#
....#.#.....#....#..##
....................###
...............P.#....#
................##
.........#@....##
.........#....P#
#.#.....PP...##
#............#
#..~~~;~.....#
##.~~~~~......#
#.~;~#~.....##
#..~~~~~.....#
#..~~~~~.......


You could see 2 electric eels.

Vanquished Creatures
  Snorg (Lair:3)
  3 hydras
  A catoblepas (Lair:3)
  Nergalle (Lair:3)
  The ghost of patrickswayze the Covert, a novice DECK of Xom (D:8)
  8 elephants
  3 black mambas
  A guardian serpent (Lair:1)
  5 spiny frogs
  A torpor snail (Lair:5)
  4 komodo dragons
  3 rime drakes
  A troll (D:8)
  2 polar bears (Lair:5)
  A two-headed ogre (D:9)
  A jumping spider (D:6)
  A hornet (D:7)
  2 hippogriffs
  7 blink frogs
  2 dream sheep (Lair:5)
  A spriggan (D:7)
  2 wyverns
  A basilisk (Lair:5)
  31 yaks
  A hill giant zombie (D:9)
  4 vampire mosquitoes (Lair:2)
  A hungry ghost (D:9)
  Edmund (D:6)
  3 nagas (Lair:2)
  6 porcupines
  9 water moccasins
  2 orc warriors (D:7)
  A black bear (D:8)
  2 phantoms (D:9)
  4 wolves (Lair:4)
  3 centaurs
  8 crocodiles
  A big kobold (D:9)
  10 bullfrogs
  2 scorpions
  A troll zombie (D:9)
  A howler monkey (D:8)
  An electric eel (Lair:2)
  A crimson imp (D:5)
  3 hounds
  3 orc priests
  A centaur skeleton (D:8)
  Jessica (D:3)
  An iguana (D:8)
  2 orc wizards (D:7)
  2 worker ants (D:6)
  6 ogre zombies (D:9)
  A hound skeleton (D:6)
  Robin (D:3)
  13 adders
  A shadow imp (D:5)
  3 oozes
  5 worms
  4 dart slugs
  2 leopard geckos
  20 orcs
  4 bats
  4 giant cockroaches
  13 goblins
  14 hobgoblins
  5 jackals
  3 quokkas
  2 ball pythons
  A ball python zombie (D:6)
  5 frilled lizards
  5 goblin zombies (D:9)
  2 hobgoblin skeletons (D:9)
  3 hobgoblin zombies (D:9)
  A jackal skeleton (D:5)
  16 kobolds
  A leopard gecko skeleton (D:5)
  A leopard gecko zombie (D:5)
  3 orc skeletons (D:9)
  12 orc zombies (D:9)
  A quokka skeleton (D:9)
  4 rats
  2 fungi
  A plant (Lair:6)
318 creatures vanquished.

Vanquished Creatures (collateral kills)
  Harold (Lair:4)
  3 komodo dragons
  2 yaks (D:8)
  A basilisk (D:8)
  2 vampire mosquitoes (Lair:2)
  2 porcupines
  A crocodile (D:8)
  2 bullfrogs
  A howler monkey (D:8)
15 creatures vanquished.

Vanquished Creatures (others)
  A porcupine (D:8)
  An ice beast (D:8)
  A worker ant (D:9)
  An adder skeleton (D:4)
  2 orcs (D:6)
  A bush (D:8)
  15 fungi
  16 plants
38 creatures vanquished.

Grand Total: 371 creatures vanquished

Notes
Turn   | Place    | Note
-------+----------+-------------------------------------------
     0 | D:1      | patrickswayze the Deep Elf Chaos Knight began the quest for the Orb.
     0 | D:1      | Reached XP level 1. HP: 13/13 MP: 3/3
    29 | D:1      | XOM: potion effect (agility)
    35 | D:1      | Reached skill level 1 in Stealth
   101 | D:1      | Reached XP level 2. HP: 18/18 MP: 4/4
   430 | D:1      | Reached skill level 3 in Stealth
   489 | D:1      | XOM: butterfly on damage
   493 | D:1      | XOM: silly message
   560 | D:1      | Reached XP level 3. HP: 20/22 MP: 5/5
   757 | D:1      | XOM: medium Tloc miscast
   817 | D:1      | XOM: cloud trail
  1179 | D:2      | XOM: god gift: long runed rod {god gift}
  1259 | D:2      | XOM: divination: detect creatures
  1434 | D:2      | XOM: mild Ice miscast
  1603 | D:2      | XOM: enchant monster (good)
  1605 | D:2      | XOM: blink monster(s)
  1614 | D:1      | Gained mutation: You possess an exceptional clarity of mind. [potion of beneficial mutation]
  1619 | D:1      | Reached XP level 4. HP: 19/27 MP: 6/6
  1969 | D:2      | Found a hazy altar of Hepliaklqana.
  2042 | D:3      | XOM: stealth player
  2096 | D:3      | Noticed Robin
  2256 | D:3      | XOM: harmless Pois miscast
  2262 | D:3      | HP: 5/27 [hobgoblin[Robin] (3)]
  2291 | D:3      | XOM: 4-stop teleportation journey
  2389 | D:3      | XOM: mild Hex miscast
  2632 | D:3      | XOM: polymorph leopard gecko -> ball python
  2640 | D:3      | XOM: confuse monster(s)
  2644 | D:3      | Reached skill level 6 in Stealth
  2644 | D:3      | Reached XP level 5. HP: 21/31 MP: 7/7
  2662 | D:3      | Killed Robin
  2795 | D:3      | Found a shadowy altar of Dithmenos.
  3017 | D:3      | Noticed Jessica
  3044 | D:3      | Killed Jessica
  3169 | D:3      | XOM: summons 2 hostile demons
  3181 | D:3      | XOM: mild Conj miscast
  3298 | D:3      | XOM: confuse monster(s)
  3408 | D:4      | Noticed Zenonira's ghost (amateur FoFi)
  3416 | D:4      | XOM: scenery: create altars
  3417 | D:4      | XOM: destruction
  3430 | D:3      | XOM: fog
  3464 | D:3      | XOM: cloud trail
  3906 | D:4      | XOM: divination: detect items
  3956 | D:4      | Reached XP level 6. HP: 36/36 MP: 8/8
  4003 | D:4      | Found a sacrificial altar of Ru.
  4035 | D:4      | XOM: cleaving
  4040 | D:4      | XOM: noise
  4046 | D:4      | XOM: noise
  4438 | D:5      | Entered Level 5 of the Dungeon
  4448 | D:5      | Found a shadowy altar of Dithmenos.
  4449 | D:5      | Got a twitching ruby amulet
  4450 | D:5      | Identified the amulet "Nubileg" {Harm *Drain Int+2 Dex+3} (You found it on level 5 of the Dungeon)
  4464 | D:5      | Reached skill level 1 in Shields
  4830 | D:5      | Found a shattered altar of Ashenzari.
  4830 | D:5      | Found an ancient bone altar of Kikubaaqudgha.
  4830 | D:5      | XOM: 6-stop teleportation journey
  5154 | D:6      | Found Koumumab's Armour Boutique.
  5184 | D:6      | Found a staircase to the Ecumenical Temple.
  5253 | D:6      | XOM: 3-stop teleportation journey
  5260 | D:6      | Bought a +1 cloak of magic resistance for 247 gold pieces
  5353 | D:6      | XOM: scenery: create altars
  5426 | D:6      | XOM: 1-stop teleportation journey
  5481 | D:6      | XOM: cast spell 'Monstrous Menagerie'
  5593 | D:6      | Noticed a hippogriff
  5606 | D:6      | XOM: scenery: create altars
  5608 | D:6      | Noticed a jumping spider
  5608 | D:6      | a hippogriff changed into a jumping spider
  5608 | D:6      | XOM: polymorph hippogriff -> jumping spider
  5611 | D:6      | HP: 6/36 [bullfrog (2)]
  5700 | D:6      | Noticed Edmund
  5710 | D:6      | Reached skill level 3 in Shields
  5710 | D:6      | Reached XP level 7. HP: 32/40 MP: 9/9
  5732 | D:6      | Killed Edmund
  5770 | D:6      | XOM: scenery: 1 doors close
  5787 | D:6      | XOM: destruction
  5792 | D:6      | XOM: fog
  5797 | D:6      | XOM: summons friendly crimson imp
  6154 | D:6      | XOM: butterfly on damage
  6157 | D:6      | XOM: fake destruction
  6579 | D:7      | XOM: god gift: hardcover book {god gift}
  6585 | D:7      | Learned a level 3 spell: Tukima's Dance
  6627 | D:7      | XOM: scenery: create altars
  6632 | D:7      | XOM: scenery: create altars
  6835 | D:6      | XOM: divination: detect items
  6838 | D:6      | XOM: potion effect (heal wounds)
  6849 | D:6      | Killed a jumping spider
  6909 | D:7      | Noticed Zenonira's ghost (novice FoFi)
  6911 | D:7      | XOM: confuse monster(s)
  6968 | D:7      | Noticed a spriggan baker
  6970 | D:7      | Killed a spriggan baker
  6970 | D:7      | Reached XP level 8. HP: 45/45 MP: 10/10
  7131 | D:7      | Noticed a hornet
  7134 | D:7      | Killed a hornet
  7199 | D:7      | XOM: mild Divn miscast
  7202 | D:7      | XOM: god gift: fine buckler {god gift}
  7203 | D:7      | Got a fine buckler {god gift}
  7204 | D:7      | Identified the +1 buckler "Daummeir" {+Blink rPois} (Xom gifted it to you on level 7 of the Dungeon)
  7382 | D:7      | XOM: cloud trail
  7502 | D:8      | Noticed patrickswayze's ghost (novice DECK)
  7518 | D:8      | Found a sparkling altar of Nemelex Xobeh.
  7552 | D:8      | XOM: butterfly on damage
  7581 | D:8      | XOM: enchant monster (good)
  7582 | D:8      | XOM: divination: detect items
  7585 | D:8      | XOM: summons 8 friendly demons
  7586 | D:8      | Reached skill level 6 in Short Blades
  7634 | D:8      | XOM: scenery: 3 doors close
  7638 | D:8      | XOM: enchant monster (good)
  7648 | D:8      | XOM: polymorph basilisk -> black bear
  7681 | D:7      | XOM: god gift: scroll of random uselessness
  7818 | D:8      | XOM: cleaving
  7820 | D:8      | XOM: 2-stop teleportation journey
  7823 | D:8      | Found a staircase to the Lair.
  7826 | D:8      | XOM: fog
  7833 | D:8      | XOM: destruction
  7838 | D:8      | XOM: smoke on damage
  7838 | D:8      | XOM: divine lightning
  7839 | D:8      | XOM: scenery: create altars
  7875 | D:8      | Found Uskofad's Armour Boutique.
  8099 | D:8      | Found a sacrificial altar of Ru.
  8170 | D:8      | XOM: fake destruction
  8173 | D:8      | XOM: enchant monster (good)
  8205 | D:8      | XOM: harmless Erth miscast
  8209 | D:8      | XOM: noise
  8214 | D:8      | XOM: cleaving
  8225 | D:8      | XOM: swap monsters
  8242 | D:8      | XOM: scenery: 2 doors close
  8514 | D:7      | XOM: blink monster(s)
  8526 | D:7      | XOM: divination: detect creatures
  8529 | D:7      | XOM: smoke on damage
  8570 | D:7      | XOM: swap monsters
  8771 | D:7      | XOM: stat loss: -1 Int (17/18)
  8813 | D:7      | Reached XP level 9. HP: 26/49 MP: 11/11
  8839 | D:7      | XOM: mild Tloc miscast
  9000 | D:7      | XOM: god gift: 11 stones
  9070 | D:8      | XOM: cast spell 'Confusing Touch'
  9097 | D:8      | XOM: divination: detect creatures
  9101 | D:8      | XOM: summons friendly iron imp
  9104 | D:8      | XOM: summons friendly quasit
  9119 | D:8      | Reached skill level 9 in Short Blades
  9272 | D:8      | XOM: noise
  9290 | D:8      | Noticed a troll
  9795 | D:9      | Found a shimmering altar of Xom.
  9874 | D:9      | Found a basalt altar of Yredelemnul.
  9954 | D:9      | XOM: noise
  9983 | D:9      | XOM: potion effect (haste)
 10018 | D:9      | Found a staircase to the Orcish Mines.
 10141 | D:9      | XOM: polymorph orc priest -> orc priest
 10297 | D:9      | XOM: harmless Ice miscast
 10339 | D:9      | Noticed an angel
 10344 | D:9      | Found a glowing silver altar of Zin.
 10558 | D:9      | Reached skill level 1 in Hexes
 10558 | D:9      | Reached XP level 10. HP: 28/54 MP: 12/12
 10797 | D:9      | Reached skill level 2 in Hexes
 10846 | D:9      | XOM: harmless Air miscast
 10863 | D:9      | XOM: scenery: 1 doors open
 10893 | D:9      | Found a sparkling altar of Nemelex Xobeh.
 10987 | D:9      | XOM: divination: detect creatures
 11025 | D:9      | Reached skill level 3 in Hexes
 11082 | D:8      | Reached skill level 4 in Hexes
 11268 | D:8      | XOM: fog
 11273 | D:8      | XOM: potion effect (invisibility)
 11274 | D:8      | XOM: summons 10 friendly demons
 11282 | D:8      | Killed patrickswayze's ghost
 11282 | D:8      | Reached skill level 6 in Hexes
 11290 | D:8      | Learned a level 6 spell: Invisibility
 11316 | D:8      | Found a bloodstained altar of Trog.
 11429 | Lair:1   | XOM: noise
 11429 | Lair:1   | Entered Level 1 of the Lair of Beasts
 11478 | Lair:1   | XOM: summons 5 friendly demons
 11488 | Lair:1   | Reached skill level 7 in Hexes
 11539 | Lair:1   | Noticed a guardian serpent
 11539 | Lair:1   | a komodo dragon changed into a guardian serpent
 11539 | Lair:1   | XOM: polymorph komodo dragon -> guardian serpent
 11545 | Lair:1   | XOM: cleaving
 11547 | Lair:1   | Killed a guardian serpent
 11547 | Lair:1   | Reached skill level 8 in Hexes
 11576 | Lair:1   | Reached skill level 9 in Hexes
 11583 | Lair:1   | XOM: god gift: murky white potion {god gift}
 12045 | Lair:1   | XOM: summons 5 hostile demons
 12384 | Lair:1   | XOM: butterfly on damage
 12400 | Lair:1   | XOM: cast spell 'Call Canine Familiar'
 12409 | Lair:1   | XOM: noise
 12431 | Lair:1   | XOM: cast spell 'Statue Form'
 12432 | Lair:1   | XOM: divination: detect items
 12572 | Lair:1   | XOM: potion effect (haste)
 12577 | Lair:1   | XOM: divination: magic mapping
 12585 | Lair:1   | Reached skill level 10 in Hexes
 12813 | Lair:1   | XOM: butterfly on damage
 12842 | Lair:1   | XOM: harmless Air miscast
 13348 | Lair:1   | Noticed a spiny frog
 13359 | Lair:1   | Killed a spiny frog
 13359 | Lair:1   | Reached skill level 11 in Hexes
 13426 | Lair:2   | XOM: divination: detect items
 13557 | Lair:2   | XOM: harmless Chrm miscast
 13558 | Lair:2   | Reached XP level 11. HP: 58/58 MP: 8/13
 13573 | Lair:2   | Reached skill level 12 in Hexes
 13614 | Lair:2   | Reached skill level 1 in Spellcasting
 13618 | Lair:2   | Reached skill level 3 in Spellcasting
 13801 | Lair:2   | Found a staircase to the Swamp.
 13824 | Lair:2   | XOM: polymorph crocodile -> hog
 13847 | Lair:2   | Reached skill level 6 in Spellcasting
 13887 | Lair:2   | XOM: cast spell 'Necromutation'
 13961 | Lair:2   | XOM: scenery: create altars
 14064 | Lair:2   | Found a staircase to the Snake Pit.
 14069 | Lair:2   | XOM: cleaving
 14080 | Lair:2   | XOM: summons friendly crimson imp
 14085 | Lair:2   | XOM: god gift: scroll of fear
 14091 | Lair:2   | XOM: give mutations
 14091 | Lair:2   | Gained mutation: Your spells are a little harder to cast, but a little more powerful. [Xom's grace]
 14091 | Lair:2   | Gained mutation: You have large cloven feet. [Xom's grace]
 14092 | Lair:2   | Reached skill level 3 in Dodging
 14246 | Lair:2   | XOM: fog
 14249 | Lair:2   | XOM: scenery: create altars
 14313 | Lair:2   | XOM: harmless Divn miscast
 14422 | Lair:3   | Noticed Nergalle
 14427 | Lair:3   | Killed Nergalle
 14463 | Lair:3   | XOM: cleaving
 14488 | Lair:3   | Reached skill level 6 in Dodging
 14507 | Lair:3   | XOM: summons 3 friendly demons
 14508 | Lair:3   | XOM: divination: detect items
 14510 | Lair:3   | XOM: potion effect (haste)
 14662 | Lair:3   | XOM: god gift: phial of floods
 14743 | Lair:3   | XOM: god gift: 34 gold pieces
 14758 | Lair:3   | Noticed Snorg
 14759 | Lair:3   | XOM: divine lightning
 14763 | Lair:3   | XOM: summons friendly ice devil
 14773 | Lair:3   | XOM: confuse monster(s)
 14778 | Lair:3   | Killed Snorg
 14778 | Lair:3   | Reached skill level 9 in Dodging
 14817 | Lair:3   | XOM: harmless Pois miscast
 14925 | Lair:3   | XOM: medium Necr miscast
 15274 | Lair:3   | XOM: noise
 15284 | Lair:3   | XOM: noise
 15330 | Lair:3   | XOM: scenery: create altars
 15335 | Lair:3   | HP: 5/58 [yak (14)]
 15360 | Lair:3   | XOM: 3-stop teleportation journey
 15591 | Lair:3   | XOM: stat loss: -1 Int (17/18)
 15781 | Lair:3   | Noticed a four-headed hydra
 15789 | Lair:3   | Noticed a catoblepas
 15789 | Lair:3   | a four-headed hydra changed into a catoblepas
 15789 | Lair:3   | XOM: polymorph four-headed hydra -> catoblepas
 15797 | Lair:3   | XOM: blink monster(s)
 15800 | Lair:3   | XOM: mild Erth miscast
 15811 | Lair:3   | Killed a catoblepas
 15811 | Lair:3   | Reached XP level 12. HP: 55/64 MP: 19/23
 16306 | Lair:4   | Noticed a four-headed hydra
 16315 | Lair:4   | Noticed a six-headed hydra
 16338 | Lair:4   | Killed a six-headed hydra
 16338 | Lair:4   | Reached skill level 13 in Hexes
 16359 | Lair:4   | Killed a four-headed hydra
 16509 | Lair:4   | XOM is BORED!
 16509 | Lair:4   | XOM: summons 4 hostile shadow creatures
 16535 | Lair:4   | XOM: stat loss: -1 Str (8/9)
 16571 | Lair:4   | XOM: harmless Tloc miscast
 16660 | Lair:4   | XOM: repel stairs
 16665 | Lair:4   | XOM: enchant monster (bad)
 16706 | Lair:4   | XOM: 1-stop teleportation journey
 16712 | Lair:4   | Reached skill level 14 in Hexes
 16821 | Lair:4   | XOM: summons 4 hostile demons
 17122 | Lair:3   | XOM: harmless Divn miscast
 17234 | Lair:4   | Noticed Harold
 17241 | Lair:4   | XOM: chaos upgrade
 17242 | Lair:4   | XOM: summons 12 friendly demons
 17248 | Lair:4   | HP: 5/64 [Harold/wand of lightning (?/15) (25)]
 17530 | Lair:3   | XOM: silly message
 17699 | Lair:4   | XOM: give mutations
 17699 | Lair:4   | Gained mutation: You are frail. (-10% HP) [Xom's mischief]
 17699 | Lair:4   | Gained mutation: You are weak. (Str -2) [Xom's mischief]
 17699 | Lair:4   | Gained mutation: Armour fits poorly on your strangely shaped body. [Xom's mischief]
 17719 | Lair:4   | XOM: torment (30/57 hp)
 17887 | Lair:4   | XOM: medium Necr miscast
 17923 | Lair:4   | XOM: noise
 17923 | Lair:4   | Killed Harold
 17935 | Lair:5   | XOM: stealth player
 17939 | Lair:5   | Noticed a seven-headed hydra
 17941 | Lair:5   | XOM: repel stairs
 17959 | Lair:5   | XOM: destruction
 17967 | Lair:5   | XOM: enchant monster (bad)
 18015 | Lair:5   | XOM: medium Hex miscast
 18017 | Lair:5   | XOM: smoke on damage
 18018 | Lair:5   | XOM: give mutations
 18018 | Lair:5   | Gained mutation: You have a pair of small horns on your head. [Xom's mischief]
 18018 | Lair:5   | Lost mutation: You have large cloven feet. [Xom's mischief]
 18041 | Lair:5   | XOM: blink monster(s)
 18043 | Lair:5   | XOM: confuse monster(s)
 18044 | Lair:5   | XOM: enchant monster (good)
 18049 | Lair:5   | Killed a seven-headed hydra
 18049 | Lair:5   | Reached skill level 15 in Hexes
 18467 | Lair:5   | XOM: noise
 18507 | Lair:5   | XOM: blink monster(s)
 18510 | Lair:5   | XOM: confuse monster(s)
 18514 | Lair:5   | Reached skill level 9 in Stealth
 18758 | Lair:5   | Found a staircase to the Slime Pits.
 18758 | Lair:5   | Found a viscous altar of Jiyva.
 18982 | Lair:5   | XOM: summons friendly shadow imp
 18984 | Lair:5   | XOM: confuse monster(s)
 18986 | Lair:5   | XOM: noise
 18989 | Lair:5   | XOM: noise
 19307 | Lair:5   | XOM: divination: detect items
 19320 | Lair:6   | Entered Level 6 of the Lair of Beasts
 19334 | Lair:6   | XOM: divination: magic mapping
 19452 | Lair:6   | XOM: harmless Summ miscast
 19479 | Lair:6   | XOM: 1-stop teleportation journey
 19538 | Lair:6   | XOM: cleaving
 19547 | Lair:6   | XOM: confuse monster(s)
 19588 | Lair:6   | XOM: confuse monster(s)
 19590 | Lair:6   | XOM: swap monsters
 19600 | Lair:6   | XOM: noise
 19605 | Lair:6   | Reached skill level 12 in Stealth
 19621 | Lair:6   | XOM: scenery: create altars
 19642 | Lair:6   | Noticed a six-headed hydra
 19663 | Lair:6   | XOM: mild Divn miscast
 19668 | Lair:6   | Reached XP level 13. HP: 42/61 MP: 24/24
 19687 | Lair:6   | HP: 4/61 [electric eel/bolt of electricity (11)]
 19689 | Lair:6   | Killed from afar by an electric eel

Vault maps used:
D:1:      ncdulo_watergridlock
D:2:      lemuel_round_altar
D:3:      nicolae_dithmenos_shadow_blocks, uniq_robin, uniq_jessica
D:4:      old_standard_altar
D:5:      lemuel_round_altar, lemuel_crystal_altar, basic_altar, first_bread
D:6:      serial_shops, shop, uniq_edmund
D:7:      the_bakery
D:8:      kennysheep_mini, nemelex_altar_shiori, minmay_lair_entry_grove,
          serial_shops, shop, grunt_decor_mini_mirrors,
          nicolae_ru_the_path_less_chosen
D:9:      grunt_temple_overflow_order_and_chaos_1, old_standard_altar,
          zombieorc2_lemuel, nemelex_spade_bored_becter
Lair:1:   beast_lair_carwin_2
Lair:2:   minmay_swamp_entry_swarm, minmay_snake_entry_guardpost_large
Lair:3:   st_stairs_13, bh_chokoban, small_statue_intersection, uniq_nergalle,
          uniq_snorg
Lair:4:   grunt_megastairs_1, uniq_harold
Lair:5:   slime_altar_1
Lair:6:   grunt_lair_end_beastmaster

Action                   |  1- 3 |  4- 6 |  7- 9 | 10-12 | 13-15 || total
-------------------------+-------+-------+-------+-------+-------++-------
Melee: Short sword       |   104 |   261 |   310 |   665 |       ||  1340
       Headbutt          |       |       |       |    34 |       ||    34
 Fire: Blowgun           |       |       |     1 |       |       ||     1
Throw: Stone             |       |       |     6 |     2 |       ||     8
 Cast: Invisibility      |       |       |       |     8 |       ||     8
Evoke: Wand              |       |     1 |     4 |     2 |       ||     7
       Rod               |       |       |     4 |       |       ||     4
       Sack of spiders   |       |       |       |     5 |       ||     5
       Disc of storms    |       |       |       |     1 |       ||     1
       Phial of floods   |       |       |       |     1 |       ||     1
  Use: Scroll            |     3 |    10 |    13 |    18 |       ||    44
       Potion            |     2 |     2 |     7 |     5 |       ||    16
 Stab: Sleeping          |     7 |     6 |     5 |    16 |       ||    34
       Paralysed         |       |     1 |     1 |       |       ||     2
       Confused          |       |     1 |       |    10 |       ||    11
       Distracted        |       |     2 |     1 |     3 |       ||     6
       Invisible         |       |       |       |    35 |       ||    35
  Eat: Chunk             |     2 |    11 |    13 |    14 |       ||    40
       Royal jelly       |       |     1 |       |     1 |       ||     2
       Pizza             |       |       |     2 |       |       ||     2
       Beef jerky        |       |       |     2 |     5 |       ||     7
       Bread ration      |       |       |       |     2 |       ||     2
Armor: Leather armour    |    43 |    82 |    92 |    86 |       ||   303
Dodge: Dodged            |    75 |   135 |   115 |   237 |     3 ||   565
Block: Buckler           |       |    16 |    70 |   131 |       ||   217
